Match 40235548
Unlisted

Match 40235548
End
Construct Weapon Support Center
Engineer Squad
M1919 Machine Gun Team
Bazooka Squad
M1919 Machine Gun Team
Mechanized Support Center
M3 Armored Personnel Carrier
Mortar Pit
Selects Heavy Weapons
Selects Assault Carriers
Construct Medical Station
M1919 Machine Gun Team
Selects Exchangeable Parts
Selects M2HB .50cal Heavy Machine Gun
M3 Assault Carrier
Improvised Armor
.30 cal Machine Gun
Designate Forward Repair Station
Bazooka Squad
Designate Forward Repair Station
Construct Tank Depot
Engineer Squad
Engineer Squad
Designate Forward Repair Station
M4(105) Sherman Bulldozer
Improved M9 Bazooka Rockets
Salvage Crew
.30 cal Machine Gun
M4A1 Sherman Medium Tank
Designate Forward Repair Station
.30 cal Machine Gun
M4A1 76mm Conversion
.30 cal Machine Gun
Bazooka Squad
M18 Hellcat Tank Destroyer
Rapid Repairs
Selects M26 Pershing Heavy Tank
Guh
Einhander
this profile name wasn't taken
。。。
vCoh
Turtleboy
0
0

Comments sign in to comment!

No comments posted yet!